 Dungeon Crawl Stone Soup version 0.28-a0-628-g3c9886e45e (webtiles) character file.

Game seed: 3331853301318636523

13 willcat the Sneak (level 2, -7/24 HPs)
             Began as a Human Delver on Oct 8, 2021.
             Was an Initiate of the Shining One.
             Killed by divine providence
             ... invoked by an orc priest
              (9 damage)
             ... in the Ecumenical Temple.
             The game lasted 00:00:44 (433 turns).

willcat the Sneak (Human Delver)                     Turns: 433, Time: 00:00:44

Health: -7/24      AC:  6    Str: 12    XL:     2   Next: 50%
Magic:  2/2        EV:  8    Int: 10    God:    the Shining One [......]
Gold:   0          SH:  4    Dex: 14    Spells: 1/1 levels left

rFire   . . .      SeeInvis .   a - +0 falchion
rCold   . . .      Faith    .   h - +0 buckler
rNeg    . . .      Spirit   .   i - +0 scale mail
rPois   .          Reflect  .   (no helmet)
rElec   .          Harm     .   (no cloak)
rCorr   .          Rampage  .   (no gloves)
Will    .....                   (no boots)
Stlth   +.........              (no amulet)
HPRegen 0.08/turn               (no ring)
MPRegen 0.08/turn               (no ring)

@: glowing
A: no striking features
a: Renounce Religion


You were in the Ecumenical Temple.
You worshipped the Shining One.
The Shining One was noncommittal.
You visited 2 branches of the dungeon, and saw 2 of its levels.

Inventory:

Hand Weapons
 a - a +0 falchion (weapon)
Armour
 b - a +0 leather armour
 h - a +0 buckler (worn)
 i - a +0 scale mail (worn)
Wands
 g - a wand of digging (3)
Scrolls
 c - a scroll of fog
 d - a scroll of magic mapping
 e - a scroll of fear
Potions
 f - a potion of haste


   Skills:
 - Level 3.0 Fighting
 + Level 2.2 Long Blades
 + Level 0.0 Armour
 - Level 2.2 Dodging
 + Level 5.1 Stealth
 + Level 0.8 Shields


You had one spell level left.
You didn't know any spells.
Your spell library was empty.

Dungeon Overview and Level Annotations

Branches:
Dungeon (5/15)             Temple (1/1) D:5

Altars:
Ashenzari
Cheibriados
Dithmenos
Elyvilon
Fedhas
Gozag
Hepliaklqana
Kikubaaqudgha
Makhleb
Nemelex Xobeh
Okawaru
Qazlal
Ru
Trog
Uskayaw
Vehumet
Wu Jian
Xom
Yredelemnul
Zin
The Shining One


Message History

You climb downwards.
Welcome back to the Ecumenical Temple!
There is a staircase back to the Dungeon, spattered with blood here.
Unknown command.
You hit the orc priest.
The orc priest is lightly wounded.
The orc priest closely misses you.
You hit the orc priest but do no damage.
The orc priest is lightly wounded.
The orc priest mumbles some strange prayers to Beogh against you.
Beogh smites you!
You hit the orc priest but do no damage.
The orc priest is lightly wounded.
The orc priest barely misses you.
The orc priest hits you with a +0 dagger.
You barely miss the orc priest.
The orc priest is lightly wounded.
The orc priest hits you but does no damage.
You slash the orc priest!
The orc priest is heavily wounded.
The orc priest casts a cantrip, but nothing happens.
You closely miss the orc priest.
The orc priest is heavily wounded.
The orc priest hits you with a +0 dagger.
The orc priest closely misses you.
You closely miss the orc priest.
The orc priest is heavily wounded.
The orc priest mumbles some strange prayers to Beogh against you.
Pain shoots through your body!
* * * LOW HITPOINT WARNING * * *
Unknown command.
Okay, then.
You hit the orc priest but do no damage.
The orc priest is heavily wounded.
The orc priest hits you but does no damage.
Unknown command.
You hit the orc priest but do no damage.
The orc priest is heavily wounded.
The orc priest invokes the aid of Beogh against you.
Beogh smites you!
You die...

♣♣♣.......
♣♣♣♣♣♣♣....P....
♣♣...............
♣............P...
♣♣♣♣P.PP.P..P...♣..
♣♣♣........P.♣......P
♣♣......P.............
♣♣...o.......♣♣♣.......
♣....)@..PP...♣.....P..
♣.....)...P........♣...
♣♣♣....................
♣♣♣♣♣.........PPPP...
♣♣♣♣♣....PPPP♣♣♣♣
♣♣♣♣♣♣♣♣♣♣


You could see an orc priest.

Vanquished Creatures
  An adder (Temple)
  2 orcs (Temple)
3 creatures vanquished.

Vanquished Creatures (others)
  A plant (Temple)
1 creature vanquished.

Grand Total: 4 creatures vanquished

Notes
Turn   | Place    | Note
-------+----------+-------------------------------------------
     0 | D:5      | willcat the Human Delver began the quest for the Orb.
     0 | D:5      | Reached XP level 1. HP: 18/18 MP: 1/1
     0 | D:5      | Found a staircase to the Ecumenical Temple.
     9 | D:5      | Noticed an orc priest
    13 | Temple   | Entered the Ecumenical Temple
    19 | Temple   | Reached XP level 2. HP: 21/24 MP: 2/2
   146 | Temple   | Became a worshipper of the Shining One
   433 | Temple   | Killed from afar by an orc priest

Illustrated notes

Levels and vault maps discovered:
D:5:      layout_loops_cross, minmay_temple_entry_grid, portal_sewer_entry_f,
          minmay_puff
Temple:   kilobyte_greek_temple

Action                   || total
-------------------------++-------
Melee: Falchion          ||    28
Armor: Leather armour    ||     6
       Scale mail        ||     2
Dodge: Dodged            ||    10
Block: Buckler           ||     4

Table legend: (Time is in decaauts)
 A = Elapsed time spent in this place.
 B = Non-inter-level travel time spent in this place.
 C = Inter-level travel time spent in this place.
 D = Time resting spent in this place.
 E = Time spent auto-exploring this place.
 F = Levels seen in this place.
 G = Mean time per level.
                   A        B        C        D        E       F      G
               +--------+--------+--------+--------+--------+-----+--------+
         Total |    443 |    413 |     30 |    204 |     94 |   2 |  221.5 |
       Dungeon |     24 |     24 |      0 |      0 |      0 |   1 |   24.0 |
        Temple |    418 |    388 |     30 |    204 |     94 |   1 |  418.0 |
               +--------+--------+--------+--------+--------+-----+--------+

Top non-repeatable levels by time:
  Temple: 418 daAuts
     D:5: 24 daAuts
